 Dungeon Crawl Stone Soup version 0.20-a0-1122-gb7cbeb9 (webtiles) character file.

10870 poirepourri the Eclecticist (level 11, -1/58 HPs)
             Began as a Deep Elf Conjurer on May 12, 2017.
             Was an Elder of Vehumet.
             Slain by a wraith (9 damage)
             ... on level 9 of the Dungeon on May 13, 2017.
             The game lasted 00:28:46 (19363 turns).

poirepourri the Eclecticist (Deep Elf Conjurer)    Turns: 19363, Time: 00:28:46

Health: -1/58      AC: 10    Str:  5    XL:     11   Next: 41%
Magic:  0/33       EV: 15    Int: 23    God:    Vehumet [****..]
Gold:   238        SH:  0    Dex: 16    Spells: 21/43 levels left

rFire    + + +     SeeInvis .   n - +3 short sword
rCold    . . .     Gourm    .   (no shield)
rNeg     . . .     Faith    .   l - +2 robe {rC+ rF+}
rPois    .         Spirit   +   v - +0 helmet
rElec    .         Reflect  .   (no cloak)
rCorr    .         Harm     .   i - +2 pair of gloves
MR       +....                  r - +1 pair of boots
Stlth    ++........             m - amulet of guardian spirit
Regen    0.2/turn               j - ring of fire
MPRegen  0.3/turn               E - ring of protection from fire

@: very slightly contaminated, slowed, invisible, very slow
A: no striking features
a: Renounce Religion


You were on level 9 of the Dungeon.
You worshipped Vehumet.
Vehumet was greatly pleased with you.
You were not hungry.

You visited 2 branches of the dungeon, and saw 12 of its levels.

You collected 562 gold pieces.
You spent 324 gold pieces at shops.

Inventory:

Hand Weapons
 n - a +3 short sword (weapon)
Armour
 i - a +2 pair of gloves (worn)
 l - a +2 robe of resistance (worn)
 r - a +1 pair of boots (worn)
 v - a +0 helmet (worn)
Jewellery
 c - an uncursed amulet of the gourmand
 j - a ring of fire (left hand)
 m - an amulet of guardian spirit (around neck)
 A - an uncursed ring of teleportation
 E - a ring of protection from fire (right hand)
Wands
 a - a wand of lightning (7/15)
 u - a wand of random effects (15/48)
 G - a wand of flame (35/48)
Scrolls
 g - a scroll of magic mapping
 o - 7 scrolls of remove curse
 q - 2 scrolls of teleportation
Potions
 d - 3 potions of mutation
 f - 2 potions of might
 s - a potion of flight
 x - a potion of resistance {unknown}
 F - a potion of lignification
 H - a potion of degeneration {unknown}
Books
 b - a book of Conjurations

   Spells                             Type                      Level
   a - Magic Dart                     Conjuration                  1
   b - Searing Ray                    Conjuration                  2
   c - Dazzling Spray                 Conjuration/Hexes            3
   d - Fulminant Prism                Conjuration/Hexes            4
   e - Force Lance                    Conjuration/Translocation    4
   f - Iskenderun's Mystic Blast      Conjuration                  4
 e - a book of Cantrips

   Spells                             Type                      Level
   a - Confusing Touch                Hexes                        1
   b - Animate Skeleton               Necromancy                   1
   c - Summon Small Mammal            Summoning                    1
   d - Apportation                    Translocation                1
 k - a book of Minor Magic

   Spells                             Type                      Level
   a - Magic Dart                     Conjuration                  1
   b - Blink                          Translocation                2
   c - Call Imp                       Summoning                    2
   d - Slow                           Hexes                        2
   e - Conjure Flame                  Conjuration/Fire             3
   f - Mephitic Cloud                 Conjuration/Poison/Air       3
 y - a Young Poisoner's Handbook

   Spells                             Type                      Level
   a - Sting                          Conjuration/Poison           1
   b - Poisonous Vapours              Poison/Air                   2
   c - Mephitic Cloud                 Conjuration/Poison/Air       3
   d - Olgreb's Toxic Radiance        Poison                       4
   e - Venom Bolt                     Conjuration/Poison           5
 D - a book of Air

   Spells                             Type                      Level
   a - Shock                          Conjuration/Air              1
   b - Swiftness                      Charms/Air                   2
   c - Static Discharge               Conjuration/Air              3
   d - Airstrike                      Air                          4
   e - Lightning Bolt                 Conjuration/Air              5
Comestibles
 h - 3 meat rations
 t - 3 royal jellies
 w - 2 bread rations
 B - 2 fruits


   Skills:
 + Level 2.5 Fighting
 - Level 1.4 Short Blades
 + Level 5.3 Dodging
 + Level 2.6 Stealth
 + Level 16.8 Spellcasting
 + Level 11.1 Conjurations
 - Level 4.2 Hexes
 - Level 3.0 Translocations


You had 21 spell levels left.
You knew the following spells:

 Your Spells              Type           Power        Failure   Level  Hunger
a - Magic Dart            Conj           ####         1%          1    None
b - Searing Ray           Conj           ######       1%          2    None
c - Dazzling Spray        Conj/Hex       ######       1%          3    None
d - Fulminant Prism       Conj/Hex       ######....   1%          4    None
e - Force Lance           Conj/Tloc      ######..     1%          4    None
f - Iskenderun's Mystic   Conj           ######..     1%          4    None
g - Throw Icicle          Conj/Ice       #####...     1%          4    None


Dungeon Overview and Level Annotations

Branches:
Dungeon (11/15)            Temple (1/1) D:4            Lair (0/6) D:8
    Orc: D:9-12

Altars:
Ashenzari
Cheibriados
Dithmenos
Elyvilon
Fedhas
Gozag
Hepliaklqana
Kikubaaqudgha
Makhleb
Nemelex Xobeh
Okawaru
Qazlal
Ru
Sif Muna
Trog
Uskayaw
Vehumet
Wu Jian
Xom
Yredelemnul
Zin
The Shining One

Shops:
D:6 [   D:8 :


Message History

Aim: an iguana (heavily wounded, hasn't noticed you)
The magic dart hits the iguana.
The iguana is severely wounded.
The wraith hits you but does no damage. x2
Casting: Magic Dart
Confirm with . or Enter, or press ? or * to list all spells.
Aiming: Magic Dart
Press: ? - help, Shift-Dir - straight line, p - iguana The magic dart hits the wraith.
The wraith is severely damaged.
The wraith hits you!
* * * LOW HITPOINT WARNING * * *
The wraith hits you. The wraith drains your vigour!
You feel as though you will be slow longer.
The wraith closely misses you.
You climb upwards.
There is a stone staircase leading down, spattered with blood here.
Okay, then.
The wraith hits you!
You die...

#...### ##.........
##.#...###..........
###..###..............
##.....####.....)).....
#......## #............
##.......#
##.).........
#........##
#..........#
##.........#
#...........
#......W@..#
##....#####.
#.....>....## ###### ##
# ##...........# ####
### #............#
#######... ..###
##..........(.#
#.........
##..###............##
#.########
###..#....Y.Y....##
#....#.... ##
###(...Y......##
#....'.... .##
##..........##
#.8..'....


You could see 3 yaks and a wraith.

Vanquished Creatures
  Harold (D:10)
  A two-headed ogre (D:9)
  2 unseen horrors (D:10)
  Pikel (D:8)
  3 molten gargoyles (D:11)
  2 trolls
  2 hornets
  A hippogriff (D:8)
  Sigmund (D:6)
  3 yaks (D:10)
  3 hungry ghosts
  2 water moccasins
  2 orc warriors
  2 sky beasts
  2 phantoms
  6 ice beasts
  A hornet zombie (D:6)
  2 slaves (D:8)
  4 ogres
  The ghost of Penishole the Archer, an amateur CeHu (D:4)
  4 centaurs
  5 bullfrogs
  2 scorpions
  13 killer bees
  8 wights
  4 howler monkeys
  2 crimson imps (D:6)
  5 jellies
  A quasit (D:10)
  4 hounds
  9 orc priests
  8 orc wizards
  An iron imp (D:9)
  3 bullfrog skeletons
  An iguana (D:9)
  8 worker ants
  2 hound zombies
  A hound skeleton (D:6)
  A worker ant zombie (D:6)
  11 gnolls
  12 adders
  2 shadow imps
  4 adder skeletons
  An adder zombie (D:5)
  7 worms
  5 dart slugs
  10 leopard geckos
  43 orcs
  A ball python (D:1)
  5 bats
  11 giant cockroaches
  3 goblins
  9 hobgoblins
  17 jackals
  3 quokkas
  6 frilled lizards
  10 kobolds
  A quokka skeleton (D:9)
  A quokka zombie (D:3)
  9 rats
295 creatures vanquished.

Vanquished Creatures (others)
  A slave (D:8)
  A worker ant (D:8)
  An orc (D:8)
  17 fulminant prisms
20 creatures vanquished.

Grand Total: 315 creatures vanquished

Notes
Turn   | Place    | Note
-------+----------+-------------------------------------------
     0 | D:1      | poirepourri the Deep Elf Conjurer began the quest for the Orb.
     0 | D:1      | Reached XP level 1. HP: 10/10 MP: 6/6
   390 | D:1      | Reached XP level 2. HP: 15/15 MP: 5/8
   395 | D:1      | Learned a level 2 spell: Searing Ray
   862 | D:1      | Reached skill level 5 in Conjurations
  1120 | D:2      | Found a stormy altar of Qazlal.
  1146 | D:2      | Reached XP level 3. HP: 18/19 MP: 6/10
  1159 | D:2      | Learned a level 3 spell: Dazzling Spray
  2056 | D:3      | Reached skill level 4 in Spellcasting
  2061 | D:3      | Reached XP level 4. HP: 24/24 MP: 2/12
  2894 | D:2      | Learned a level 4 spell: Fulminant Prism
  3112 | D:3      | Reached XP level 5. HP: 18/28 MP: 2/14
  3510 | D:3      | Reached skill level 5 in Spellcasting
  3747 | D:4      | Noticed Penishole's ghost (amateur CeHu)
  4528 | D:3      | Learned a level 4 spell: Force Lance
  4732 | D:4      | Reached XP level 6. HP: 28/32 MP: 6/16
  5042 | D:3      | Reached skill level 6 in Spellcasting
  5385 | D:4      | Killed Penishole's ghost
  5385 | D:4      | Reached skill level 1 in Short Blades
  5612 | D:4      | Reached skill level 1 in Fighting
  5912 | D:4      | Learned a level 4 spell: Iskenderun's Mystic Blast
  5974 | D:4      | Found a staircase to the Ecumenical Temple.
  5991 | Temple   | Entered the Ecumenical Temple
  6082 | Temple   | Became a worshipper of Vehumet
  6137 | D:4      | Reached skill level 7 in Spellcasting
  6328 | D:4      | Reached XP level 7. HP: 38/38 MP: 9/19
  6651 | D:5      | Entered Level 5 of the Dungeon
  6736 | D:5      | Reached skill level 8 in Spellcasting
  7331 | D:5      | Reached skill level 9 in Spellcasting
  7420 | D:5      | Found a glowing drain.
  7430 | D:5      | Reached * piety under Vehumet
  7430 | D:5      | Offered knowledge of Flame Tongue by Vehumet.
  7948 | D:6      | Reached XP level 8. HP: 37/43 MP: 10/23
  8197 | D:6      | Noticed Sigmund
  8869 | D:6      | Found Linoh's Antique Armour Emporium.
  9011 | D:6      | Reached skill level 10 in Spellcasting
  9160 | D:6      | Found a shadowy altar of Dithmenos.
  9999 | D:6      | Reached skill level 1 in Translocations
 10010 | D:6      | Reached skill level 1 in Hexes
 10012 | D:6      | Reached skill level 11 in Spellcasting
 10133 | D:6      | Killed Sigmund
 10233 | D:6      | Bought a runed robe for 107 gold pieces
 10233 | D:6      | Bought a pair of runed boots for 217 gold pieces
 10607 | D:6      | Reached XP level 9. HP: 41/48 MP: 15/26
 10626 | D:6      | Offered knowledge of Sandblast by Vehumet.
 10630 | D:6      | Reached ** piety under Vehumet
 10837 | D:6      | Found a glowing silver altar of Zin.
 11429 | D:7      | Reached skill level 12 in Spellcasting
 12187 | D:7      | Found a sacrificial altar of Ru.
 12788 | D:8      | Reached skill level 13 in Spellcasting
 12975 | D:8      | Noticed Pikel
 12980 | D:8      | Killed Pikel
 12993 | D:8      | Offered knowledge of Throw Flame by Vehumet.
 12993 | D:8      | Reached XP level 10. HP: 54/54 MP: 1/29
 13507 | D:9      | Paralysed by a hornet for 3 turns
 13512 | D:9      | Reached skill level 14 in Spellcasting
 13953 | D:9      | Reached skill level 5 in Dodging
 13969 | D:9      | Reached *** piety under Vehumet
 14500 | D:9      | Noticed a two-headed ogre
 14510 | D:9      | Killed a two-headed ogre
 15033 | D:9      | Offered knowledge of Static Discharge by Vehumet.
 15454 | D:9      | Found a snail-covered altar of Cheibriados.
 15798 | D:8      | Reached skill level 10 in Conjurations
 15800 | D:8      | Reached skill level 15 in Spellcasting
 16096 | D:8      | Found a staircase to the Lair.
 16274 | D:8      | Found Lasuurem's Book Boutique.
 16334 | D:8      | Found an ornate altar of the Wu Jian Council.
 16335 | D:8      | Found a hide-covered altar of Uskayaw.
 16395 | D:10     | Entered Level 10 of the Dungeon
 16414 | D:10     | Killed an unseen horror
 16505 | D:9      | HP: 1/54 [yak (2)]
 16972 | D:10     | Reached **** piety under Vehumet
 17218 | D:10     | Offered knowledge of Throw Icicle by Vehumet.
 17264 | D:10     | Learned a level 4 spell: Throw Icicle
 17409 | D:10     | Noticed Harold
 17443 | D:10     | Killed Harold
 17443 | D:10     | Reached skill level 16 in Spellcasting
 17443 | D:10     | Reached XP level 11. HP: 33/58 MP: 9/33
 18138 | D:10     | Killed an unseen horror
 19363 | D:9      | Slain by a wraith

Vault maps used:
D:1:      dpeg_arrival_arbitrary_c
D:2:      first_bread, grunt_qazlal_sundering
D:3:      mrwooster_statue_mirror
D:4:      minmay_temple_entry_hall, chequers_big_river
D:5:      portal_sewer_entry_f
D:6:      nicolae_overflow_hidden_temple, serial_shops, nicolae_shop_crystal,
          uniq_sigmund
D:7:      marbit_many_paths, grunt_ogre_cave
D:8:      gammafunk_temple_overflow_pools, lair_entry_dummy, serial_shops, shop,
          uniq_pikel
D:9:      slow_altar_2
D:10:     uniq_harold
D:11:     minivault_8
Temple:   kb_temple_of_zot

Skill      XL: |  1  2  3  4  5  6  7  8  9 10 11 |
---------------+----------------------------------+-----
Conjurations   | 5 6 7 8 9 10 11 | 11.1
Spellcasting   | 4 5 7 9 11 13 16 | 16.8
Short Blades   | 1 |  1.4
Dodging        | 3 4 5 |  5.3
Fighting       | 1 2 |  2.5
Translocations | 1 3 |  3.0
Hexes          | 1 3 4 |  4.2
Stealth        | |  2.6

Action                   |  1- 3 |  4- 6 |  7- 9 | 10-12 || total
-------------------------+-------+-------+-------+-------++-------
Melee: Short sword       |       |    16 |    17 |    13 ||    46
 Cast: Magic Dart        |    71 |   147 |   184 |    85 ||   487
       Searing Ray       |     4 |    11 |    28 |     3 ||    46
       Dazzling Spray    |       |     4 |    44 |   100 ||   148
       Force Lance       |       |    10 |    13 |    57 ||    80
       Iskenderun's Myst |       |     1 |    12 |       ||    13
       Fulminant Prism   |       |       |     8 |     9 ||    17
Evoke: Wand              |       |       |       |     4 ||     4
  Use: Scroll            |     6 |     5 |     7 |     7 ||    25
       Potion            |       |     2 |     5 |     5 ||    12
 Stab: Invisible         |       |       |       |     1 ||     1
  Eat: Bread ration      |     1 |     3 |       |     3 ||     7
       Chunk             |     1 |       |       |     1 ||     2
       Royal jelly       |       |     1 |     1 |     1 ||     3
       Meat ration       |       |       |     3 |     1 ||     4
       Fruit             |       |       |     1 |     1 ||     2
Armor: Robe              |     1 |    17 |    39 |    45 ||   102
       Skin              |       |       |       |    12 ||    12
Dodge: Dodged            |     5 |    48 |    93 |    91 ||   237
